 Dungeon Crawl Stone Soup version 0.24.0-37-gcf1ca852f1 (webtiles) character file.

Game seed: 8777879376016532445, levelgen mode: deterministic

2784 Gartch the Grappler (level 9, 0/84 HPs)
             Began as a Troll Arcane Marksman on Nov 27, 2019.
             Was a Follower of Okawaru.
             Killed by vampiric draining
             ... invoked by a vampire
              (8 damage)
             ... on level 7 of the Dungeon on Nov 28, 2019.
             The game lasted 00:55:27 (6670 turns).

Gartch the Grappler (Troll Arcane Marksman)         Turns: 6670, Time: 00:55:27

Health: 0/84       AC:  7    Str: 20    XL:     9   Next: 43%
Magic:  9/9        EV: 12    Int:  9    God:    Okawaru [*.....]
Gold:   325        SH:  0    Dex: 17    Spells: 10/10 levels left

rFire    . . .     SeeInvis .     - Unarmed
rCold    . . .     Gourm    +   (no shield)
rNeg     . . .     Faith    .   a - +1 robe
rPois    .         Spirit   .   (helmet restricted)
rElec    .         Reflect  .   (no cloak)
rCorr    .         Harm     .   (gloves unavailable)
MR       .....                  (boots unavailable)
Stlth    +++.......             (no amulet)
HPRegen  0.64/turn              A - ring of stealth
MPRegen  0.11/turn              B - +4 ring of dexterity

@: about to teleport
A: large, unfitting armour, claws 3, fast metabolism 3, gourmand, regeneration
1, shaggy fur 1, tough skin 3
a: Heroism, Renounce Religion


You were on level 7 of the Dungeon.
You worshipped Okawaru.
Okawaru was aware of your devotion.
You were very full.

You visited 2 branches of the dungeon, and saw 8 of its levels.
You also visited: Sewer.

You collected 325 gold pieces.

Inventory:

Missiles
 c - 7 large rocks (quivered)
 d - 2 throwing nets
Armour
 a - a +1 robe (worn)
 g - a +0 cloak
Jewellery
 m - an uncursed ring of fire
 A - a ring of stealth (left claw)
 B - a +4 ring of dexterity (right claw)
Wands
 s - a wand of digging (5)
 u - a wand of iceblast (10)
Scrolls
 b - 11 scrolls of teleportation
 e - 4 scrolls of remove curse
 l - 3 scrolls of enchant armour
 p - a scroll of magic mapping
 q - 2 scrolls of amnesia
 v - 2 scrolls of noise {unknown}
 w - 2 scrolls of enchant weapon {unknown}
 x - 2 scrolls of fear {unknown}
 y - 2 scrolls of blinking {unknown}
 C - 2 scrolls of fog {unknown}
 E - 3 scrolls of identify
Potions
 h - a potion of brilliance
 i - a potion of cancellation {unknown}
 j - 2 potions of lignification {unknown}
 k - 4 potions of flight {unknown}
 n - 5 potions of curing
 o - 4 potions of heal wounds
 t - 2 potions of haste {unknown}
 z - 3 potions of might {unknown}
 D - 3 potions of invisibility
 F - a potion of agility {unknown}
Comestibles
 f - 21 rations
 r - 2 chunks of flesh


   Skills:
 - Level 4.0 Fighting
 - Level 1.7 Throwing
 - Level 0.6 Armour
 - Level 4.2 Dodging
 + Level 10.8 Unarmed Combat
 - Level 1.0 Spellcasting
   Level 2.0 Hexes


You had 10 spell levels left.
You didn't know any spells.
Your spell library contained the following spells:

 Spells                   Type           Power        Failure   Level  Hunger
 Confusing Touch          Hex            #.....       16%         1    ##.....
 Corona                   Hex            #......      16%         1    ##.....
 Slow                     Hex            #.......     24%         2    ###....
 Animate Skeleton         Necr           N/A          36%         1    ##.....
 Apportation              Tloc           #.....       36%         1    ##.....
 Summon Small Mammal      Summ           #...         36%         1    ##.....
 Inner Flame              Hex/Fire       #.......     58%         3    ####...
 Portal Projectile        Hex/Tloc       #.....       58%         3    ####...
 Cause Fear               Hex            #.........   85%         4    #####..
 Leda's Liquefaction      Hex/Erth       #.........   94%         4    #####..


Dungeon Overview and Level Annotations

Branches:
Dungeon (7/15)             Temple (1/1) D:7           Sewer (visited)

Altars:
Ashenzari
Cheibriados
Dithmenos
Elyvilon
Fedhas
Gozag
Kikubaaqudgha
Nemelex Xobeh
Okawaru
Qazlal
Ru
Trog
Uskayaw
Vehumet
Yredelemnul
Zin
The Shining One

Annotations:
D:3 3 runed translucent doors, LordXaan's ghost, amateur MiBe; OleJ's ghost, weakling FeAK; Ratty's ghost, amateur DENe; Rayvis's ghost, amateur MiFi
D:7 2 transporters, frabbit's ghost, novice OpIE


Innate Abilities, Weirdness & Mutations

You are too large for most types of armour.
You have claws for hands.
Your metabolism is lightning-fast.
You like to eat raw meat.
Your natural rate of healing is unusually fast.
You are covered in fur. (AC +1)
You have extremely tough skin. (AC +3)


Message History

Something bites you.
Something draws strength from your injuries!
You scratch something. You scratch something but do no damage.
Something hits you. Something bites you!
Something draws strength from your injuries!
You claw something! Your claw misses something. Something hits you!
You writhe in agony.
Something barely misses you.
You scratch something but do no damage. You mangle something!!
Unholy energy fills the air.
You completely miss something. Something hits you!
* * * LOW HITPOINT WARNING * * *
You writhe in agony.
* * * LOW HITPOINT WARNING * * *
Something bites you!
* * * LOW HITPOINT WARNING * * *
Something draws strength from your injuries!
As you read the scroll of teleportation, it crumbles to dust.
You feel strangely unstable.
Unholy energy fills the air.
You die...

##...###..##..####.##.##.##..
##### #.###..# #..n........
#......# ####.##.##..
#..##.## ##.#.#.#. #..##.#
##...### #..##.# ##.####
#..##.# #.#... #..##.# #.#.##
## #..##@# ### #.#.## .#
#..##{###.#######.#.#. .#
#..##.##.............. .#
#.[.....#..########### .#
##.##.##..#.........## .#
###.##.....#########.## .#
#...######.#####..#.##. .#
#.### #..##.'{.[.##) .# #..#
##.##.#..###.#


There were no monsters in sight!

Vanquished Creatures
  A hornet (D:5)
  A wyvern (D:6)
  2 sky beasts
  An orc warrior (D:6)
  A phantom (D:5)
  A black bear (D:7)
  4 ogres
  4 centaurs
  Blork the orc (D:6)
  A gnoll sergeant (D:5)
  3 bullfrogs
  2 howler monkeys (D:7)
  3 hounds
  An orc priest (D:3)
  A gnoll shaman (D:7)
  A jelly (D:7)
  3 bullfrog skeletons
  2 iguanas
  4 worker ants
  2 orc wizards
  Natasha (twice) (D:4)
  A hound zombie (D:7)
  2 hound skeletons (D:7)
  A worker ant zombie (D:5)
  A howler monkey skeleton (D:4)
  10 adders
  10 gnolls
  A river rat (D:6)
  An adder skeleton (D:5)
  2 worms
  2 dart slugs (D:1)
  2 leopard geckos (Sewer)
  22 orcs
  10 giant cockroaches
  15 goblins
  17 hobgoblins
  14 jackals
  3 quokkas
  2 ball pythons
  8 bats
  5 frilled lizards
  9 kobolds
  A leopard gecko skeleton (D:7)
  16 rats
196 creatures vanquished.

Notes
Turn   | Place    | Note
-------+----------+-------------------------------------------
     0 | D:1      | Gartch the Troll Arcane Marksman began the quest for the
                  | Orb.
     0 | D:1      | Reached XP level 1. HP: 18/18 MP: 1/1
    46 | D:1      | Reached skill level 1 in Unarmed Combat
   291 | D:1      | Reached XP level 2. HP: 22/26 MP: 2/2
   317 | D:1      | Reached skill level 2 in Unarmed Combat
   738 | D:1      | Reached XP level 3. HP: 32/32 MP: 3/3
   941 | D:2      | Reached skill level 3 in Unarmed Combat
  1523 | D:3      | Found a snail-covered altar of Cheibriados.
  1523 | D:3      | Found an ancient bone altar of Kikubaaqudgha.
  1523 | D:3      | Found an opulent altar of Gozag.
  1523 | D:3      | Found a glowing golden altar of the Shining One.
  1523 | D:3      | Found a basalt altar of Yredelemnul.
  1523 | D:3      | Found a bloodstained altar of Trog.
  1548 | D:3      | Became a worshipper of the Shining One
  1717 | D:3      | Reached XP level 4. HP: 39/40 MP: 4/4
  1835 | D:3      | Reached skill level 4 in Unarmed Combat
  1930 | D:3      | Reached XP level 5. HP: 46/46 MP: 5/5
  2003 | D:3      | Found a runed translucent gate.
  2003 | D:3      | Found a runed translucent gate.
  2003 | D:3      | Found a runed translucent gate.
  2005 | D:3      | Noticed LordXaan's ghost (amateur MiBe)
  2005 | D:3      | Noticed Ratty's ghost (amateur DENe)
  2006 | D:3      | Noticed Rayvis's ghost (amateur MiFi)
  2006 | D:3      | Noticed OleJ's ghost (weakling FeAK)
  2310 | D:4      | Reached skill level 5 in Unarmed Combat
  2349 | D:4      | Reached * piety under the Shining One
  2415 | D:4      | Reached skill level 1 in Fighting
  2437 | D:4      | Reached XP level 6. HP: 53/55 MP: 6/6
  2486 | D:4      | Noticed Natasha
  2492 | D:4      | Killed Natasha
  2567 | D:4      | Reached skill level 6 in Unarmed Combat
  2772 | D:4      | Noticed Natasha
  3077 | D:4      | Killed Natasha
  3097 | D:4      | Noticed an angel
  3098 | D:4      | Found a glowing silver altar of Zin.
  3121 | D:5      | Entered Level 5 of the Dungeon
  3350 | D:5      | Reached XP level 7. HP: 64/65 MP: 7/7
  3469 | D:5      | Reached skill level 7 in Unarmed Combat
  3649 | D:5      | Reached ** piety under the Shining One
  3701 | D:5      | Reached skill level 8 in Unarmed Combat
  4025 | D:6      | Noticed a brown ugly thing
  4076 | D:6      | Reached XP level 8. HP: 51/74 MP: 8/8
  4174 | D:6      | Found a glowing drain.
  4184 | Sewer    | Entered a sewer
  4549 | D:6      | Noticed Blork the orc
  4556 | D:6      | Killed Blork the orc
  4715 | D:6      | Reached skill level 9 in Unarmed Combat
  4970 | D:6      | Noticed a hornet
  5026 | D:5      | Paralysed by a hornet for 1 turns
  5029 | D:5      | Killed a hornet
  5029 | D:5      | Reached skill level 10 in Unarmed Combat
  5209 | D:7      | Reached XP level 9. HP: 69/81 MP: 9/9
  5582 | D:7      | Found a staircase to the Ecumenical Temple.
  5620 | Temple   | Entered the Ecumenical Temple
  5654 | Temple   | Fell from the grace of the Shining One
  5654 | Temple   | Became a worshipper of Warmaster Okawaru
  6136 | D:7      | Found a transporter.
  6136 | D:7      | Noticed frabbit's ghost (novice OpIE)
  6137 | D:7      | Found a transporter.
  6141 | D:7      | Noticed a queen bee
  6518 | D:7      | Found a runed translucent door.
  6518 | D:7      | Found a runed translucent door.
  6593 | D:7      | Identified the ring of Youthful Indiscretion {Wiz rPois rC+
                  | MP+9}
  6602 | D:7      | Reached * piety under Okawaru
  6670 | D:7      | Killed from afar by a vampire

Levels and vault maps discovered:
D:1:      dpeg_arrival_simpleton_a, layout_basic, minmay_heptomino_o4
D:2:      layout_basic
D:3:      layout_basic, grunt_temple_overflow_open, serial_curves,
          eino_curves_01, eino_curves_03, eino_curves_03,
          gammafunk_ghost_cemetery
D:4:      corexii_shantytown, layout_basic, zin_angel, first_ration,
          uniq_natasha
D:5:      layout_basic
D:6:      layout_cave_pools, portal_sewer_entry_e, uniq_blork_the_orc
D:7:      minmay_the_grid_triangle_9x9_rhombus_thin
          [minmay_the_grid_triangle_9x9_corruption,
          minmay_the_grid_triangle_9x9_prize_center,
          minmay_the_grid_triangle_9x9_tough_junction,
          minmay_the_grid_triangle_9x9_flanged_cone], layout_loops_ring,
          minmay_temple_entry_stoned_glass, gammafunk_ghost_hive
Temple:   nicolae_temple_god_jail

Skill      XL: |  1  2  3  4  5  6  7  8  9 |
---------------+----------------------------+-----
Unarmed Combat | 1 2 3 4 5 6 8 10 | 10.8
Fighting       | 1 2 3 4 |  4.0
Dodging        | 2 3 4 |  4.2
Throwing       | |  1.7
Armour         | |  0.6
Spellcasting   | |  1.0
Hexes          | |  2.0

Action                   |  1- 3 |  4- 6 |  7- 9 || total
-------------------------+-------+-------+-------++-------
Melee: Unarmed           |   141 |   125 |   241 ||   507
       Punch             |       |     1 |     9 ||    10
Throw: Large rock        |       |       |     1 ||     1
  Use: Scroll            |     4 |     4 |     3 ||    11
 Stab: Distracted        |     1 |       |       ||     1
  Eat: Chunk             |    20 |    16 |    31 ||    67
Armor: Robe              |    45 |    24 |    62 ||   131
Dodge: Dodged            |    55 |    38 |    95 ||   188
